 Dungeon Crawl Stone Soup version 0.31.0-11-ge490571c62 (webtiles) character file.

Game seed: 4729906816589518526

226 qw the Shooter (level 5, -2/26 HPs)
             Began as a Spriggan Hunter on Feb 3, 2024.
             Slain by a gnoll
             ... wielding a +0 spear
             ... led by a gnoll bouda
              (8 damage)
             ... on level 5 of the Dungeon.
             The game lasted 00:00:10 (2541 turns).

qw the Shooter (Spriggan Hunter)                    Turns: 2541, Time: 00:00:10

Health: -2/26      AC:  2    Str:  7    XL:     5   Next: 69%
Magic:  6/6        EV: 20    Int: 11    God:
Gold:   145        SH:  0    Dex: 20    Spells: 4/4 levels left

rFire   . . .        a - +1 shortbow (heavy)
rCold   . . .        (shield currently unavailable)
rNeg    . . .        c - +0 robe
rPois   .            (helmet restricted)
rElec   .            (no cloak)
rCorr   .            (gloves unavailable)
SInv    +            (boots unavailable)
Will    .....        (no amulet)
Stlth   ++           (no ring)
HPRegen 0.24/turn    (no ring)
MPRegen 0.10/turn

%: no passive effects
@: attractive, very quick
A: very small, no large weapons, unfitting armour, see invisible, speed 3
a: no special abilities


You were on level 5 of the Dungeon.
You visited 1 branch of the dungeon, and saw 5 of its levels.

You collected 259 gold pieces.
You spent 114 gold pieces at shops.


Innate Abilities, Weirdness & Mutations

You are very small and have problems with some larger weapons.
You are too small for most types of armour.
You have supernaturally acute eyesight. (SInv)
You cover ground extremely quickly. (Speed+++)


   Skills:
 - Level 2.0 Fighting
 + Level 5.9 Ranged Weapons
 - Level 5.1 Dodging
 - Level 1.5 Stealth


You had 4 spell levels left.
You didn't know any spells.
Your spell library was empty.

Inventory:

Hand Weapons
 a - a +1 heavy shortbow (weapon)
Armour
 c - a +0 robe (worn)
Jewellery
 j - a ring of ice
Wands
 e - a wand of iceblast (10)
Scrolls
 d - a scroll of vulnerability {unknown}
Potions
 b - a potion of cancellation
 h - a potion of mutation {unknown}
 i - a potion of heal wounds {unknown}
 k - a potion of curing {unknown}
 n - a potion of berserk rage {unknown}

Dungeon Overview and Level Annotations

Branches:
Dungeon (5/15)
 Temple: D:4-7

Altars:
Dithmenos
Vehumet
Wu Jian

Shops:
D:1 !

Annotations:
D:3 1 runed translucent door, Crazy Yiuf


Message History

The gnoll bouda is moderately wounded.
You hear a shout!
You hear an angry hiss.
You hear a shout!
A gnoll comes into view. It is wielding a +0 spear.
The gnoll is attracted toward you.
You shoot an arrow. The gnoll shouts!
The arrow hits the gnoll!
You kill the gnoll!
You hear a shout!
The gnoll bouda hits you with a +0 club.
The gnoll completely misses you.
A gnoll comes into view. It is wielding a +0 halberd.
The gnoll bouda barks out a call to the hunt!
The gnolls pick up the pace!
The gnoll hits you with a +0 spear. The gnoll is attracted toward you.
You shoot an arrow. The arrow hits the gnoll bouda!
The gnoll bouda is severely wounded.
The gnoll bouda misses you. The gnoll misses you. The gnoll closely misses you.
You shoot an arrow.
The arrow barely misses the gnoll bouda.
The gnoll bouda prays to its god.
The gnoll bouda is healed somewhat.
The gnoll hits you with a +0 spear. The gnoll closely misses you.
The gnoll misses you. x2
The gnoll bouda closely misses you.
You shoot an arrow. The arrow hits the gnoll bouda!
The gnoll bouda is almost dead.
The gnoll bouda hits you with a +0 club.
The gnoll misses you. x3; The gnoll completely misses you.
The gnoll bouda mumbles some strange prayers to its god.
The gnoll bouda is healed somewhat.
You shoot an arrow. The arrow hits the gnoll bouda!
The gnoll bouda is almost dead.
The gnoll bouda closely misses you.
The gnoll hits you from afar with a +0 halberd!
The gnoll barely misses you.
You shoot an arrow. The arrow hits the gnoll bouda!
You kill the gnoll bouda!
The gnoll barely misses you. The gnoll misses you.
The gnoll completely misses you. The gnoll hits you with a +0 spear!
You die...

# ######### .#
........####.#
...........).####
..........@)....#
...........gg...#
.................
.#+#.............
#..<.........#
#...........##
.............##
.....#....######
....^......


You could see 2 gnolls.

Vanquished Creatures
  A bombardier beetle (D:3)
  A gnoll bouda (D:5)
  2 orc priests (D:4)
  A gnoll (D:5)
  4 adders
  6 dart slugs
  3 ribbon worms
  2 orcs
  8 endoplasms
  2 giant cockroaches (D:1)
  3 goblins
  4 hobgoblins
  5 jackals (D:2)
  4 quokkas
  7 ball pythons
  6 bats
  2 frilled lizards (D:2)
  10 kobolds
  3 rats
74 creatures vanquished.

Notes
Turn   | Place    | Note
-------+----------+-------------------------------------------
     0 | D:1      | qw the Spriggan Hunter began the quest for the Orb.
     0 | D:1      | Reached XP level 1. HP: 10/10 MP: 2/2
     0 | D:1      | 0 ||| qw: Version: 0.3-a-157-g843a77d
     0 | D:1      | 0 ||| qw: Game counter: 3968
     0 | D:1      | 0 ||| qw: Melee chars always use a shield: true
     0 | D:1      | 0 ||| qw: God list: Okawaru
     0 | D:1      | 0 ||| qw: Allow faded altars: false
     0 | D:1      | 0 ||| qw: Do Orc after clearing Dungeon:15 true
     0 | D:1      | 0 ||| qw: Do second Lair branch before Depths: true
     0 | D:1      | 0 ||| qw: Lair rune preference: random
     0 | D:1      | 0 ||| qw: Goals: Normal
     0 | D:1      | 0 ||| PLANNING D:1-11
    17 | D:1      | Reached skill level 3 in Dodging
    51 | D:1      | Found Xuarawics's Distillery.
    70 | D:1      | Reached XP level 2. HP: 14/14 MP: 3/3
    98 | D:1      | 98 ||| SHOPLISTING potion of cancellation (104 gold, have
                  | 0).
    98 | D:1      | 98 ||| SHOPLISTING potion of curing (39 gold, have 0).
    98 | D:1      | 98 ||| SHOPLISTING potion of enlightenment (65 gold, have
                  | 0).
    98 | D:1      | 98 ||| SHOPLISTING potion of resistance (130 gold, have 0).
   185 | D:1      | You fall into a shaft and drop 1 floor!
   259 | D:2      | Reached XP level 3. HP: 18/18 MP: 4/4
   287 | D:2      | 287 ||| READING scroll labelled GETINA TUGU.
   288 | D:2      | 288 ||| DROPPING scroll of butterflies.
   576 | D:1      | 576 ||| READING scroll labelled HOMIOGONWI.
   863 | D:2      | Reached XP level 4. HP: 22/22 MP: 5/5
  1035 | D:2      | 1035 ||| READING scroll labelled YMMOG LOHO.
  1039 | D:2      | 1039 ||| READING scroll labelled ZEPPOESEIHU.
  1126 | D:3      | Found a radiant altar of Vehumet.
  1207 | D:3      | Found Keigoini's Assorted Antiques.
  1338 | D:3      | Found a runed translucent door.
  1339 | D:3      | Noticed Crazy Yiuf
  1411 | D:3      | 1411 ||| FLEEEEING.
  1412 | D:3      | 1412 ||| FLEEEEING.
  1414 | D:3      | 1414 ||| FLEEEEING.
  1416 | D:3      | 1416 ||| FLEEEEING.
  1417 | D:3      | 1417 ||| FLEEEEING.
  1457 | D:3      | 1457 ||| BUYING gluggy blue potion (21 gold).
  1457 | D:3      | Bought a gluggy blue potion for 21 gold pieces
  1457 | D:3      | 1457 ||| BUYING scroll labelled RINOOC QIXOK (24 gold).
  1457 | D:3      | Bought a scroll labelled RINOOC QIXOK for 24 gold pieces
  1457 | D:3      | 1457 ||| BUYING scroll labelled RINOOC QIXOK (24 gold).
  1457 | D:3      | Bought a scroll labelled RINOOC QIXOK for 24 gold pieces
  1457 | D:3      | 1457 ||| BUYING scroll labelled YNAICU GUCAPUSK (24 gold).
  1457 | D:3      | Bought a scroll labelled YNAICU GUCAPUSK for 24 gold pieces
  1457 | D:3      | 1457 ||| BUYING viscous purple potion (21 gold).
  1457 | D:3      | Bought a viscous purple potion for 21 gold pieces
  1852 | D:3      | 1852 ||| READING scroll labelled WYMOALOBRO.
  1953 | D:3      | 1953 ||| READING 2 scrolls labelled RINOOC QIXOK.
  1953 | D:3      | 1953 ||| IDENTIFYING bubbling ruby potion
  1954 | D:3      | 1954 ||| READING scroll of identify.
  1954 | D:3      | 1954 ||| IDENTIFYING white potion
  1955 | D:3      | 1955 ||| READING scroll labelled YNAICU GUCAPUSK.
  1955 | D:3      | 1955 ||| BRANDING +0 shortbow.
  1956 | D:3      | 1956 ||| DRINKING 2 gluggy blue potions.
  1957 | D:3      | 1957 ||| DROPPING potion of degeneration.
  1958 | D:3      | 1958 ||| DROPPING potion of invisibility.
  2002 | D:4      | Reached XP level 5. HP: 26/26 MP: 6/6
  2064 | D:4      | HP: 3/26 [orc priest/divine providence (12)]
  2459 | D:4      | Found a shadowy altar of Dithmenos.
  2466 | D:4      | Found an ornate altar of the Wu Jian Council.
  2500 | D:4      | 2500 ||| READING 2 scrolls of identify.
  2500 | D:4      | 2500 ||| IDENTIFYING sedimented silvery potion
  2501 | D:4      | 2501 ||| READING scroll of identify.
  2501 | D:4      | 2501 ||| IDENTIFYING viscous sapphire potion
  2502 | D:4      | 2502 ||| READING scroll labelled FAWINT NEAFITI.
  2502 | D:4      | 2502 ||| ENCHANTING +0 heavy shortbow.
  2503 | D:4      | 2503 ||| DRINKING 2 fuming cyan potions.
  2504 | D:4      | 2504 ||| DROPPING potion of attraction.
  2505 | D:4      | 2505 ||| DROPPING potion of brilliance.
  2506 | D:4      | 2506 ||| DROPPING potion of magic.
  2527 | D:5      | Entered Level 5 of the Dungeon
  2540 | D:5      | HP: 5/26 [gnoll/+0 halberd[a gnoll bouda] (9)]
  2541 | D:5      | Slain by a gnoll

Levels and vault maps discovered:
D:1:      amcnicky_arrival_double_pillar, layout_basic, serial_shops,
          nicolae_shop_peninsula, kennysheep_flooded_box
D:2:      layout_rooms
D:3:      layout_basic, fiery_altar_vehumet, serial_shops,
          nicolae_shop_tiny_waterfront, due_unseen_surprise,
          uniq_crazy_yiuf_cottage
D:4:      cheibrodos_old_hovel, layout_cave_pools,
          mainiacjoe_overflow_big_doors, minmay_misc_feat_ornament
D:5:      layout_basic, makhleb_blood_cavern_becter, lemuel_temple_firewalk_b,
          serial_library_hellmonk_angled_corner, uniq_prince_ribbit1,
          uniq_menkaure

Skill      XL: |  1  2  3  4 |
---------------+-------------+-----
Dodging        | 3 4 5 |  5.1
Ranged Weapons | 5 |  5.9
Fighting       | 2 |  2.0
Stealth        | |  1.5

Action                     |  1- 3 |  4- 6 || total
---------------------------+-------+-------++-------
   Fire: Shortbow          |    89 |    89 ||   178
    Use: Scroll            |     2 |     9 ||    11
         Potion            |       |     2 ||     2
 Armour: Robe              |     3 |    13 ||    16
  Dodge: Dodged            |    18 |    38 ||    56

Table legend:
 A = Non-vault XP
 B = Vault XP
 C = Vault XP percentage of total XP
 D = Non-vault monster count
 E = Vault monster count
 F = Vault count percentage of total count
                 A         B        C        D         E       F
            +---------+---------+-------+---------+---------+-------
      Total |     361 |       4 |   1.1 |      73 |       1 |   1.4
            +---------+---------+-------+---------+---------+-------
        D:1 |      39 |       0 |   0.0 |      23 |       0 |   0.0
        D:2 |      65 |       0 |   0.0 |      21 |       0 |   0.0
        D:3 |      90 |       0 |   0.0 |      17 |       0 |   0.0
        D:4 |     109 |       4 |   3.5 |       9 |       1 |  10.0
        D:5 |      58 |       0 |   0.0 |       3 |       0 |   0.0
            +---------+---------+-------+---------+---------+-------
